[Event "Early-Titled-Tuesday-Blitz-January-30-2024"]
[Site "Chess.com"]
[Date "2024.01.30"]
[Round "9"]
[White "BocharovD"]
[Black "Polish_fighter3000"]
[Result "1/2-1/2"]
[WhiteElo "2872"]
[BlackElo "3050"]
[TimeControl "180+1"]
[EndTime "9:51:18 PST"]
[Termination "Game drawn by repetition"]

1. c4 Nf6 2. g3 g6 3. Bg2 Bg7 4. Nc3 O-O 5. d4 d6 6. Nf3 c6 7. e4 Qa5 8. O-O Qh5 9. e5 dxe5 10. Nxe5 Rd8 11. Qxh5 Nxh5 12. Be3 Nd7 13. f4 Nb6 14.
b3 Nf6 15. h3 h5 16. a4 Nbd7 17. a5 a6 18. Rfd1 Ne8 19. Na4 Rb8 20. Nxd7 Bxd7 21. Nb6 Bf5 22. Ra2 Nd6 23. d5 Ne4 24. Re1 Nc3 25.
Rd2 cxd5 26. Nxd5 Nxd5 27. Rxd5 Bc3 28. Rxd8+ Rxd8 29. Bb6 Rd7 30. Re3 Bd2 31. Re2 Bb4 32. Kf2 e6 33. c5 Bd3 34. Re3 Bb5 35. g4 Bd2 36. Re4 h4 37. g5 Bc6 38. Rc4 Kf8 39.
Bxc6 bxc6 40. Ke2 Ke7 41. Re4 Rd5 42. b4 Kd7 43. Ba7 Kc8 44. Bb6 Bc3 45. Kf3 Rd3+ 46. Kg4 Rd4 47. Rxd4 Bxd4 48. Kxh4 Bc3 49. Kg4 Bxb4 50.
h4 Kd7 51. h5 gxh5+ 52. Kxh5 Bc3 53. Kg4 Ke7 54. Kf3 Kf8 55. Ke4 Kg7 56. f5 Kf8 57.
Bd8 Ke8 58. Bc7 Kd7 59. Bb6 Ke7 60. Bc7 exf5+ 61. Kxf5 Bb4 62. Bb6 Bd2 63. Bc7 Kd7 64. Bb6 Ke8 65. Bc7 Bb4 66. Bb6 Ke7 67. Ke5 Bd2 68.
Kf5 Be3 69. Ba7 Kf8 70. Bb6 Bd4 71. Ba7 Kg7 72. Bb6 Kf8 73. Ba7 Ke8 74. Bb6 Kd7 75. Ke4 Bg7 76. Kf5 Ke7 77. Bc7 Bb2 78.
Bb6 Bd4 79. Ke4 Bc3 80. Kf5 Bd2 81. Bc7 Bb4 82. Bb6 Ba3 83. Ke5 Kd7 84. Kf6 Bc1 85. Kf5 Ke7 86. Bc7 Kf8 87. Bd6+ Ke8 88. Bc7 Bd2 89.
Bb6 Kf8 90. Kf6 Bc3+ 91. Kf5 Kg7 92. Bc7 Kg8 93. Bd8 Kf8 94. Bb6 Ke8 95. Bc7 Kd7 96. Bb6 Bd4 97. Ke4 Bf2 98. Kf5 Ke7 99. Ke5 Bg1 100.
Kf5 Be3 101. Ba7 Bc1 102. Bb6 Bb2 103. Bc7 Bd4 104. Bb6 Kd7 1/2-1/2

[Event "Early-Titled-Tuesday-Blitz-January-30-2024"]
[Site "Chess.com"]
[Date "2024.01.30"]
[Round "9"]
[White "BogdanDeac"]
[Black "bancsoo"]
[Result "1-0"]
[WhiteElo "3076"]
[BlackElo "2805"]
[TimeControl "180+1"]
[EndTime "9:51:23 PST"]
[Termination "BogdanDeac won by resignation"]

1. e4 e5 2. Nf3 d6 3. Bc4 Nf6 4. d3 Be7 5. O-O O-O 6. Re1 c5 7. a4 Nc6 8. Nc3 Be6 9. Bg5 Qd7 10. Bxf6 Bxf6 11. Nd5 Bd8 12. c3 Ne7 13. Ne3 Rc8 14.
Ng5 Bxc4 15. dxc4 h6 16. Nf3 Ng6 17. Nf5 Bc7 18. g3 Rce8 19. Qd3 Qe6 20. Rad1 Ne7 21. N3h4 Nc6 22. Ng2 Kh7 23. Nfe3 g6 24. Nd5 Bd8 25. Rd2 Bg5 26. Rdd1 Bd8 27. Qe2 Qd7 28. h4 h5 29.
Nge3 Na5 30. Qc2 Nc6 31. Rd2 a6 32. Qd1 Qe6 33. Kg2 Kg7 34. Rd3 Kh7 35. Re2 Na5 36.
Red2 Nc6 37. Qe2 Kg7 38. Kf1 Kh7 39. Ke1 Kg7 40. Kd1 Kh7 41. Kc2 Na5 42. Kb1 Qd7 43. Qd1 Qe6 44. b3 Nc6 45. Kb2 Kg7 46. Nc2 Kh7 47.
Nde3 Bc7 48. Nd5 Bd8 49. Nde3 Bc7 50. Qe2 Kg7 51. Rd1 Kh7 52. R3d2 Kg7 53. Qd3 Kh7 54. Qd5 Rd8 55. Qd3 Rde8 56. Nd5 Bd8 57. Qe2 Kg7 58.
Rg1 Rh8 59. Nce3 Rh7 60. f3 Rhh8 61. Rgd1 Rhf8 62. Qf2 Rh8 63. Qg2 Na5 64. Nc2 Nc6 65. Nde3 Be7 66. Qf1 Rb8 67. Nd5 Bd8 68. Nce3 Na5 69.
Rf2 Qe8 70. b4 cxb4 71. cxb4 Nc6 72. b5 Nd4 73. Nc2 Ne6 74. Ncb4 Nc5 75. Ra1 Ba5 76. Nd3 Ne6 77. f4 exf4 78. gxf4 axb5 79. axb5 Bd8 80. f5 Nc5 81. Nxc5 Qe5+ 82. Kb3 dxc5 83. fxg6 fxg6 84.
Rf7+ Kh6 85. Qc1+ g5 86. Qf1 Rg8 87. Rf5 Qxe4 88. Re1 Qd4 89. Re6+ Rg6 90. hxg5+ Bxg5 91. Rxg6+ Kxg6 92. Rf3 Re8 93. Qb1+ Qe4 94. Qf1 h4 95. Rf2 Qd4 96. Rf3 Qe4 97. Rf2 Qg4 98. Rf6+ Bxf6 99.
Qxf6+ Kh5 100. Qf7+ Qg6 101. Nf4+ Kg4 102. Qxg6+ Kxf4 103. Qxe8 1-0

[Event "Early-Titled-Tuesday-Blitz-January-30-2024"]
[Site "Chess.com"]
[Date "2024.01.30"]
[Round "9"]
[White "MightyGMpretender"]
[Black "RantomOpening"]
[Result "0-1"]
[WhiteElo "2789"]
[BlackElo "2532"]
[TimeControl "180+1"]
[EndTime "9:51:32 PST"]
[Termination "RantomOpening won by resignation"]

1. Nf3 d5 2. e3 e6 3. c4 Nf6 4. b3 c5 5. Bb2 Nc6 6. cxd5 exd5 7. Be2 Be7 8. O-O O-O 9. d4 cxd4 10. Nxd4 Be6 11.
Nc3 Rc8 12. Rc1 Nxd4 13. Qxd4 Bc5 14. Qd1 Qe7 15. Nb5 a6 16. Nd4 Ba3 17. Rxc8 Rxc8 18.
Qa1 Bxb2 19. Qxb2 Qc7 20. h3 Ne4 21. Bf3 Qc3 22. Qxc3 Nxc3 23. Ra1 Kf8 24. Kf1 Ke7 25. Ke1 Nb5 26. Nxb5 axb5 27. Kd2 b4 28. a3 Ra8 29. a4 Ra5 30. Rc1 Kd6 31. Kd3 b5 32. axb5 Rxb5 33. Kd4 Ra5 34. Rc2 Ra3 35. Rb2 Ra1 36. Be2 Rc1 37. Bd3 g6 38. Ra2 Rc3 39. Rb2 h5 40. h4 Bf5 41. Bxf5 gxf5 42. Ra2 Rxb3 43. Ra6+ Ke7 44.
Ra2 Ke6 45. Ra6+ Kd7 46. Rh6 Rb2 47. f4 Rd2+ 48. Ke5 b3 49. Rb6 b2 50. g3 Re2 51.
Kxf5 Rxe3 52. Rxb2 Rxg3 53. Rb7+ Ke8 54. Ke5 Rg4 55. f5 Rxh4 56. Kf6 d4 57. Re7+ Kf8 58.
Rd7 Kg8 59. Rd8+ Kh7 60. Kxf7 Rf4 61. f6 h4 62. Ke6 h3 63. Ra8 h2 64. Ra1 Kg6 65. Ke5 Rf5+ 66. Kxd4 Kxf6 67. Rh1 Rf2 68. Ke3 Ra2 69. Kf3 Kg5 70. Kg3 Ra3+ 71. Kxh2 Kg4 72. Rg1+ Kf4 73. Rg8 Ra2+ 74. Kh3 Ra3+ 75. Kh4 Ra1 76.
Rf8+ Ke5 77. Kg3 Ra3+ 78. Kg4 Ke6 79. Rf1 Ra2 80. Rf3 Ke5 81. Re3+ Kd4 82. Kf3 Ra8 83.
Re4+ Kd5 84. Rf4 Ra3+ 85. Kg4 Ke5 86. Rf5+ Ke4 87. Rf4+ Ke5 88. Rf3 Ra8 89. Kg3 Rg8+ 90. Kf2 Kd4 91. Rg3 Ra8 92. Rg4+ Kd3 93. Rf4 Rg8 94.
Rf7 Rd8 95. Kf3 Rd6 96. Rf4 Rd8 97. Rf5 Re8 98. Rd5+ Kc4 99. Rf5 Rh8 100. Ke4 Rh1 101. Rf8 Re1+ 102. Kf5 Rf1+ 103. Ke6 Rxf8 0-1

[Event "Early-Titled-Tuesday-Blitz-January-30-2024"]
[Site "Chess.com"]
[Date "2024.01.30"]
[Round "9"]
[White "Elsa167"]
[Black "wonderfultime"]
[Result "0-1"]
[WhiteElo "2870"]
[BlackElo "3014"]
[TimeControl "180+1"]
[EndTime "9:51:58 PST"]
[Termination "wonderfultime won by checkmate"]

1. d4 d5 2. c4 e6 3. Nf3 a6 4. cxd5 exd5 5. Nc3 h6 6. Bf4 Nf6 7. e3 Bd6 8. Bxd6 Qxd6 9. Bd3 O-O 10. h3 b6 11. O-O Bb7 12. Rc1 Nbd7 13. Qe2 c5 14. b3 Rfe8 15. Rfd1 g6 16. Qb2 Qe7 17. a3 Rac8 18. dxc5 bxc5 19. Be2 a5 20. Na4 Ne4 21. Bb5 Red8 22. Bxd7 Rxd7 23. Nb6 Rdd8 24. Nxc8 Bxc8 25. Qe5 Be6 26. Nd2 Nf6 27. Qc3 d4 28. Qxa5 dxe3 29. fxe3 Nd5 30. Nf1 Rc8 31. Qd2 Kh7 32. Qf2 Nf6 33.
Qb2 Ne4 34. b4 c4 35. Qd4 Qb7 36. Nd2 Ng3 37. Re1 Nf5 38. Qf6 h5 39. Qe5 Qa7 40.
Ne4 Kh6 41. Nd6 Nxd6 42. Qxd6 Qxa3 43. Qf4+ Kg7 44. Qd4+ Kh7 45. b5 c3 46. b6 Qb2 47.
Rb1 Qa2 48. b7 Rb8 49. Qxc3 Bd5 50. Rb2 Qa6 51. Reb1 Rxb7 52. Rxb7 Bxb7 53. Qe5 Qc6 54. Rb2 Qc1+ 55. Kh2 Qc6 56. Rd2 Ba8 57. Qg3 Qe6 58. Rf2 Bd5 59. Qf4 Qe7 60. Qd4 Qc7+ 61. Qf4 Qe7 62. Kg1 Qa3 63. Qd4 Be6 64. Rf3 Qb3 65. Rf2 Qb1+ 66. Kh2 Qb8+ 67. Qf4 Qb6 68. h4 Qb5 69. Kg3 Qd3 70. Qd4 Qa6 71. Rf4 Qb7 72. Qf6 Qc7 73. Kh2 Kg8 74. Qd4 Qe7 75. Qf6 Qc7 76. Kg3 Qd6 77. Qg5 Kg7 78. Kf2 Qd2+ 79. Kg3 Qxe3+ 80. Kh2 Qb6 81. Qf6+ Kg8 82. Rd4 Qc7+ 83.
Kg1 Qc1+ 84. Kf2 Qc2+ 85. Kg3 Qc7+ 86. Kf3 Bg4+ 87. Ke3 Qc1+ 88. Kf2 Qc2+ 89. Kg1 Qc1+ 90. Kh2 Qc7+ 91. Kg1 Qc1+ 92. Kh2 Qc7+ 93. Rd6 Kh7 94. Kg3 Be6 95. Qf4 Qe7 96. Rb6 Bd5 97. Rb8 Qe2 98.
Qf2 Qe5+ 99. Qf4 Qe2 100. Qf2 Qd1 101. Kh2 Qg4 102. Qg3 Qc4 103. Qe5 f6 104. Qe7+ Bf7 105. Qe1 Kg7 106. Qg3 Qc5 107. Ra8 Qd5 108. Qb8 g5 109. Qh8+ Kg6 110. Qb8 gxh4 111. Ra4 Qg5 112. Qd6 Bd5 113. Qb4 Qxg2# 0-1

[Event "Early-Titled-Tuesday-Blitz-January-30-2024"]
[Site "Chess.com"]
[Date "2024.01.30"]
[Round "9"]
[White "ilqar_74"]
[Black "AldokhinIvan"]
[Result "1-0"]
[WhiteElo "2841"]
[BlackElo "2650"]
[TimeControl "180+1"]
[EndTime "9:54:06 PST"]
[Termination "ilqar_74 won on time"]

1. e4 c5 2. Nf3 e6 3. d4 cxd4 4. Nxd4 a6 5. Bd3 Qc7 6. O-O Nf6 7. c4 Bd6 8. h3 Nc6 9. Nxc6 dxc6 10. Nc3 O-O 11. Qe2 e5 12. Bg5 Be6 13. Bxf6 gxf6 14. Qf3 Qe7 15. Ne2 Kh8 16. Ng3 Rg8 17. Rad1 Bc5 18. b3 Rg6 19. Nf5 Bxf5 20. exf5 Rg5 21. Kh1 Rag8 22. g3 Qf8 23. Be4 Qh6 24. Kg2 Qh4 25.
Kh2 Qh6 26. Rd7 Bxf2 27. Rxf2 Rxg3 28. Qxg3 Rxg3 29. Kxg3 Qe3+ 30. Bf3 e4 31. Kg2 exf3+ 32. Rxf3 Qe2+ 33. Kg3 Kg7 34. Rxb7 Qe5+ 35. Kg2 Qe2+ 36. Rf2 Qe4+ 37. Kh2 Qe5+ 38. Kg1 Qe1+ 39. Kg2 Qe4+ 40.
Kf1 Qb1+ 41. Ke2 Qe4+ 42. Kd2 Qd4+ 43. Ke2 c5 44. Re7 Qb2+ 45. Kf3 Qc3+ 46. Re3 Qd4 47. Rg2+ Kf8 48. Rge2 Qd1 49. Kg2 Qd4 50. Rf3 Qh4 51. Ref2 Qg5+ 52. Kh2 Qh4 53. Rg2 Qd4 54. Re2 Qd6+ 55.
Kg2 Qd1 56. Rfe3 Qd6 57. Re8+ Kg7 58. R8e4 Qd3 59. Rg4+ Kf8 60. Rf2 Qd6 61. h4 Qc6+ 62.
Kh2 h5 63. Rg3 Qd6 64. Kg2 Qd4 65. Rff3 Qxh4 66. Rh3 Qg4+ 67. Rhg3 Qe4 68. Rh3 h4 69. Kh2 Qe2+ 70. Kg1 Qe1+ 71. Kg2 Qe4 72. Kh2 Kg7 73. Rf2 Kh6 74. Rg2 Qf4+ 75. Kh1 Qf1+ 76. Kh2 Qf4+ 77. Kh1 Kh5 78. Rg8 Qf1+ 79. Kh2 Qf2+ 80. Kh1 Qe1+ 81.
Kh2 Qe2+ 82. Kh1 Qf1+ 83. Kh2 Qxf5 84. Rh8+ Kg5 85. Rg8+ Kf4 86. Rxh4+ Ke3 87. Rg3+ Kd2 88. Rhg4 Qh5+ 89. Kg1 Kc2 90. Rg2+ Kc3 91. R4g3+ Kb4 92. Rf2 Qd1+ 93. Kh2 Qd6 94. Kg2 Qe5 95. Rgf3 Qe4 96. Kg1 Qe1+ 97. Kh2 Qe5+ 98. Kh1 Qh5+ 99. Kg1 Qg4+ 100.
Kf1 Qe4 101. Rxf6 Qh1+ 102. Ke2 Qe4+ 103. Kf1 Qh1+ 104. Ke2 Qe4+ 105. Kd2 Qd4+ 106. Ke1 Qa1+ 107. Ke2 Qxa2+ 108. Kf1 Qb1+ 109. Kg2 Qe4+ 110. Kg1 Kxb3 111. R6f3+ Kb4 112. Rxf7 Qg4+ 113. Kh2 Qh4+ 114. Kg2 Qg4+ 115. Kh2 a5 116. R7f4 Qh5+ 117. Kg2 Qg5+ 118. Kh2 Qh5+ 119. Kg2 Qg6+ 120. Kh2 Qd3 121. R4f3 Qd6+ 122. Kg2 a4 123. Rb2+ Kxc4 124. Ra2 Qg6+ 125. Kh2 Kb5 126. Rfa3 Qh5+ 127. Kg3 Qg5+ 128. Kf2 Qf4+ 129. Kg2 Qe4+ 130. Kf2 Qb4 131. Re3 Qd4 132. Re2 Kb4 133. Kf3 c4 134. Re4 Qd5 135. Kf4 a3 136. Re5 Qd4+ 137. Kf5 Qd3+ 138. Kf6 Qd4 139. Kf7 Qd7+ 140. Kf6 Qd6+ 141. Kf5 Qd3+ 142. Kf4 Ka4 143. R5e3 Qd4+ 144. Kf3 Qd5+ 145. Kf2 Qf5+ 146. Kg2 Qb1 147. Re8 Qb7+ 148. Kf2 Kb3 149. R8e3+ c3 150. Rf3 Qb6+ 151. Kg2 a2 152. Rf1 c2 153. Rc1 Qc5 154. Rf2 1-0

[Event "Early-Titled-Tuesday-Blitz-January-30-2024"]
[Site "Chess.com"]
[Date "2024.01.30"]
[Round "10"]
[White "Anton_Demchenko"]
[Black "GothamChess"]
[Result "1-0"]
[WhiteElo "2936"]
[BlackElo "2745"]
[TimeControl "180+1"]
[EndTime "9:56:39 PST"]
[Termination "Anton_Demchenko won by resignation"]

1. e4 e6 2. d4 d5 3. Nc3 dxe4 4.
Nxe4 Nf6 5. Nxf6+ gxf6 6. Nf3 Nc6 7. Bf4 Bd6 8. Bg3 Bxg3 9. hxg3 Qd6 10. Qd2 Bd7 11.
O-O-O O-O-O 12. Rh6 f5 13. c3 Be8 14. Bc4 Na5 15.
Bd3 Nc6 16. Bxf5 Qd5 17. Bb1 1-0

[Event "Early-Titled-Tuesday-Blitz-January-30-2024"]
[Site "Chess.com"]
[Date "2024.01.30"]
[Round "10"]
[White "RaulPerezGuerra"]
[Black "KorolDimitriy75"]
[Result "0-1"]
[WhiteElo "2488"]
[BlackElo "2372"]
[TimeControl "180+1"]
[EndTime "9:56:43 PST"]
[Termination "KorolDimitriy75 won by resignation"]

1. b3 c5 2. Bb2 Nc6 3. g3 d6 4. Bg2 e5 5. d3 g6 6. Nd2 Bg7 7. e3 Nge7 8. Ne2 O-O 9. O-O Be6 10. c4 Qd7 11. Ne4 h6 12. Qd2 f5 13. N4c3 d5 14. cxd5 Nxd5 15. Nxd5 Bxd5 16. Nc3 Bxg2 17. Kxg2 Rfd8 18. Rfd1 e4 19. dxe4 Qxd2 20. Rxd2 Rxd2 0-1

[Event "Early-Titled-Tuesday-Blitz-January-30-2024"]
[Site "Chess.com"]
[Date "2024.01.30"]
[Round "10"]
[White "MagnusCarlsen"]
[Black "HansOnTwitch"]
[Result "1/2-1/2"]
[WhiteElo "3299"]
[BlackElo "3214"]
[TimeControl "180+1"]
[EndTime "9:57:02 PST"]
[Termination "Game drawn by repetition"]

1. e4 e5 2. Nf3 Nc6 3. Bb5 Nf6 4. O-O Nxe4 5. Re1 Nd6 6. Nxe5 Be7 7. Bf1 Nxe5 8. Rxe5 O-O 9. d4 Bf6 10. Re1 Re8 11. c3 Rxe1 12. Qxe1 Ne8 13. Bf4 d5 14. Bd3 g6 15. Nd2 Ng7 16. Nf3 Bf5 17. Bxf5 Nxf5 18. Qe2 c6 19. Re1 Ng7 20. Be5 Ne6 21. Bxf6 Qxf6 22.
Ne5 Re8 23. Ng4 Qd8 24. Qe5 Ng7 25. Qxe8+ Nxe8 26. Rxe8+ Qxe8 27. Nf6+ Kf8 28. Nxe8 Kxe8 29. f4 f5 30. Kf2 Kf7 31. b4 Ke6 32. Ke3 b5 33.
Kf3 Kf6 34. Kg3 h6 35. h4 h5 36. Kf3 Ke6 37. Ke3 Kd6 38. Kf3 Kc7 39. Ke3 Kb6 40.
a3 a5 41. Kd3 Ka6 42. Kc2 a4 43. Kd3 Kb6 44. Ke3 Kc7 45. Kf2 Kd7 46. g3 Ke6 47. Ke3 Kf7 48. Kd3 Kf6 49. Ke3 Ke6 50.
Kd3 Kd7 51. Ke3 Kc8 52. Kd3 Kb8 53. Ke3 Ka8 54. Kd3 Ka7 55. Ke3 Ka6 56. Kd3 Kb6 57.
Ke3 Kb7 58. Kd3 Kc7 59. Ke3 Kc8 60. Kd3 Kd8 61. Ke3 Ke8 62. Kd3 Kf8 63. Ke3 Kg8 64. Kd3 Kh8 65. Ke3 Kh7 66. Kd3 Kh6 67. Ke3 Kg7 68. Kd3 Kf6 69. Ke3 Kf7 70. Kd3 Ke6 71. Ke3 Ke7 72. Kd3 Kd6 73. Ke3 Kd7 74. Kd3 Kc7 75.
Ke3 Kb6 76. Kd3 Ka6 77. Ke3 Ka7 78. Kd3 Kb7 79. Ke3 Ka8 80. Kd3 Kb8 81. Ke3 Kc7 82. Kd3 Kc8 83. Ke3 Kd7 84. Kd3 Kd8 85. Ke3 Ke7 86.
Kd3 Ke8 87. Ke3 Kf7 1/2-1/2

[Event "Early-Titled-Tuesday-Blitz-January-30-2024"]
[Site "Chess.com"]
[Date "2024.01.30"]
[Round "10"]
[White "Zhigalko_Sergei"]
[Black "Practical-Play"]
[Result "1-0"]
[WhiteElo "2921"]
[BlackElo "2601"]
[TimeControl "180+1"]
[EndTime "9:57:23 PST"]
[Termination "Zhigalko_Sergei won by resignation"]

1. e4 d5 2. exd5 Nf6 3. d4 Bg4 4. Bb5+ Nbd7 5. Be2 Bxe2 6. Qxe2 Nxd5 7. c4 N5f6 8. Nf3 e6 9. O-O c6 10. Nc3 Bd6 11.
d5 O-O 12. dxe6 Re8 13. exf7+ Kxf7 14. Qc2 Qc7 15. Bg5 Bf4 16. Rad1 Kg8 17. Bxf6 Nxf6 18.
g3 Bd6 19. Rfe1 Rf8 20. Ng5 Qb6 21. Rxd6 1-0

[Event "Early-Titled-Tuesday-Blitz-January-30-2024"]
[Site "Chess.com"]
[Date "2024.01.30"]
[Round "10"]
[White "claudyna16"]
[Black "Logman74"]
[Result "1-0"]
[WhiteElo "2414"]
[BlackElo "2542"]
[TimeControl "180+1"]
[EndTime "9:57:29 PST"]
[Termination "claudyna16 won by resignation"]

1. c4 Nf6 2. g3 g6 3. Bg2 Bg7 4. Nc3 d6 5. e3 O-O 6. Nge2 Nbd7 7. O-O e5 8. b4 c6 9. b5 Qc7 10. a4 a5 11. Ba3 c5 12. d3 Rb8 13. b6 Nxb6 14. Nb5 Qd8 15. Bb2 Na8 16. Qd2 b6 17.
Na7 Bb7 18. Nc6 Bxc6 19. Bxc6 Nc7 20. Bg2 d5 21. Bxe5 dxc4 22. Rfd1 Qd4 23. exd4 1-0

[Event "Early-Titled-Tuesday-Blitz-January-30-2024"]
[Site "Chess.com"]
[Date "2024.01.30"]
[Round "10"]
[White "diamonds13"]
[Black "Chesstiger64"]
[Result "1-0"]
[WhiteElo "2374"]
[BlackElo "2240"]
[TimeControl "180+1"]
[EndTime "9:57:36 PST"]
[Termination "diamonds13 won by checkmate"]

1. d4 e6 2. c4 c5 3. d5 b5 4.
cxb5 Nf6 5. Nc3 a6 6. e4 axb5 7. Bxb5 Ba6 8. Bxa6 Nxa6 9. Bg5 h6 10. Bh4 g5 11.
Bg3 Bg7 12. Bd6 Qb6 13. e5 Nxd5 14. Nxd5 exd5 15. Qxd5 Qxb2 16. Qxa8+ Nb8 17. Qxb8+ Qxb8 18. Bxb8 Ke7 19. Bd6+ Ke6 20. f4 gxf4 21. Nf3 Ra8 22. a4 c4 23. O-O h5 24. Rfc1 Rc8 25. a5 Kd5 26. a6 Ke4 27. a7 Ra8 28. Rxc4+ Kd3 29.
Rd4+ Kc2 30. Ra5 h4 31. Rc5+ Kb1 32. Rb4+ Ka1 33. Ra5# 1-0

[Event "Early-Titled-Tuesday-Blitz-January-30-2024"]
[Site "Chess.com"]
[Date "2024.01.30"]
[Round "10"]
[White "nihalsarin"]
[Black "VitaliyBernadskiy"]
[Result "0-1"]
[WhiteElo "3150"]
[BlackElo "2926"]
[TimeControl "180+1"]
[EndTime "9:57:37 PST"]
[Termination "VitaliyBernadskiy won by resignation"]

1. Nf3 Nf6 2. e3 g6 3. b3 Bg7 4. Bb2 O-O 5. d4 d5 6. Be2 Bg4 7. O-O Bxf3 8. Bxf3 c6 9. c4 Nbd7 10. Nc3 e6 11. Rc1 Re8 12. g3 a6 13. Qd2 b5 14.
Rfd1 bxc4 15. bxc4 Nb6 16. c5 Nc4 17. Qc2 e5 18. Na4 Nxb2 19. Qxb2 Rb8 20. Qa3 Qa5 21. Rc3 exd4 22. exd4 Ne4 23. Rcd3 Rb4 24. Nb6 Qxa3 25. Rxa3 Bxd4 26. Bxe4 Rxe4 27. Rxa6 Rb2 28. Nd7 Bxf2+ 29. Kg2 Bxc5+ 30. Kh3 Be7 31. Rxc6 h5 32. a4 Ree2 33. Rh1 Kg7 34. Rc3 g5 35. g4 h4 36. Rd3 Bd6 0-1

[Event "Early-Titled-Tuesday-Blitz-January-30-2024"]
[Site "Chess.com"]
[Date "2024.01.30"]
[Round "10"]
[White "LangesNasenhaar"]
[Black "SharapovEvgeny"]
[Result "1/2-1/2"]
[WhiteElo "2447"]
[BlackElo "2555"]
[TimeControl "180+1"]
[EndTime "9:57:39 PST"]
[Termination "Game drawn by repetition"]

1. d4 d5 2. Nc3 c6 3. Bf4 Qb6 4. Qd2 Qxb2 5. Rb1 Qa3 6. e4 dxe4 7. Nxe4 Nf6 8. Nxf6+ exf6 9. Bc4 Qe7+ 10. Ne2 Qd7 11. O-O Be7 12. Ng3 O-O 13. Rfe1 Bd6 14. Rbd1 b5 15.
Bb3 Bxf4 16. Qxf4 Qg4 17. Qc7 Qd7 18. Qf4 Qg4 19. Qc7 Qd7 20. Qf4 1/2-1/2

[Event "Early-Titled-Tuesday-Blitz-January-30-2024"]
[Site "Chess.com"]
[Date "2024.01.30"]
[Round "10"]
[White "DenLaz"]
[Black "Aygehovit1992"]
[Result "1-0"]
[WhiteElo "3037"]
[BlackElo "2689"]
[TimeControl "180+1"]
[EndTime "9:57:44 PST"]
[Termination "DenLaz won by resignation"]

1. d4 Nf6 2. c4 g6 3. g3 Bg7 4.
Bg2 O-O 5. Nc3 d6 6. h3 c6 7. e4 e5 8. Nge2 exd4 9. Nxd4 d5 10. cxd5 cxd5 11. exd5 Re8+ 12. Be3 Nh5 13. Qd2 Qb6 14. O-O Nxg3 15. Rfe1 Bd7 16. Ne6 Qb4 17. Nxg7 Rxe3 18. Rxe3 1-0

[Event "Early-Titled-Tuesday-Blitz-January-30-2024"]
[Site "Chess.com"]
[Date "2024.01.30"]
[Round "10"]
[White "ATM622"]
[Black "Kostukov_Alex"]
[Result "1-0"]
[WhiteElo "2455"]
[BlackElo "2309"]
[TimeControl "180+1"]
[EndTime "9:58:02 PST"]
[Termination "ATM622 won by resignation"]

1. d4 g6 2. g3 Bg7 3. Bg2 d6 4. Nf3 e5 5. dxe5 dxe5 6. Qxd8+ Kxd8 7. O-O f6 8. Rd1+ Nd7 9. b3 c6 10. Bb2 Kc7 11. Nbd2 Nh6 12. Nc4 Nf7 13. a4 a5 14.
Bh3 Nc5 15. Bxc8 Raxc8 16. Nxa5 Rhd8 17. Nc4 Na6 18. Bc3 Rxd1+ 19. Rxd1 Re8 20. Ba5+ Kc8 21. Nb6+ Kb8 22. Rd7 Rf8 23. Re7 f5 24. Nd7+ 1-0

[Event "Early-Titled-Tuesday-Blitz-January-30-2024"]
[Site "Chess.com"]
[Date "2024.01.30"]
[Round "10"]
[White "mertfelin"]
[Black "Irishchessman16"]
[Result "0-1"]
[WhiteElo "2274"]
[BlackElo "2487"]
[TimeControl "180+1"]
[EndTime "9:58:24 PST"]
[Termination "Irishchessman16 won by resignation"]

1. e4 d6 2. d4 c6 3. Nf3 Qc7 4. Be3 Nf6 5. Bd3 Bg4 6. h3 Bxf3 7. Qxf3 e5 8. c3 Be7 9. O-O Nbd7 10. Nd2 O-O 11. Qg3 Nh5 12. Qg4 g6 13. a4 Ng7 14. f4 f5 15. Qe2 exd4 16. cxd4 fxe4 17. Nxe4 d5 18. Ng5 Bd6 19. a5 Rae8 20. Nxh7 Kxh7 21. Rae1 Nf5 22. Qg4 Nf6 23. Qg5 Ne4 24. Bxe4 Rxe4 25. Bd2 Qe7 26. Qg4 Re8 27. Qe2 0-1

[Event "Early-Titled-Tuesday-Blitz-January-30-2024"]
[Site "Chess.com"]
[Date "2024.01.30"]
[Round "10"]
[White "elgrona"]
[Black "GiorgianBarbosa"]
[Result "0-1"]
[WhiteElo "2318"]
[BlackElo "2471"]
[TimeControl "180+1"]
[EndTime "9:58:46 PST"]
[Termination "GiorgianBarbosa won by resignation"]

1. Nf3 Nf6 2. b3 e6 3. Bb2 d5 4.
e3 Be7 5. d4 O-O 6. Nbd2 b6 7. Bd3 Bb7 8. O-O c5 9. c4 dxc4 10.
bxc4 cxd4 11. exd4 Nc6 12. Rc1 Rc8 13. Re1 Rc7 14. Bb1 Re8 15. Qb3 Qc8 16. Ne5 Nxe5 17.
dxe5 Nd7 18. Qh3 g6 19. Re3 Bg5 20. Rf3 Bxf3 21. Nxf3 Bxc1 22. Bxc1 Rxc4 23. Bd2 Rc1+ 0-1

[Event "Early-Titled-Tuesday-Blitz-January-30-2024"]
[Site "Chess.com"]
[Date "2024.01.30"]
[Round "10"]
[White "gshwbedhkhd"]
[Black "DmitriiZakurdaev"]
[Result "1-0"]
[WhiteElo "2623"]
[BlackElo "2460"]
[TimeControl "180+1"]
[EndTime "9:58:53 PST"]
[Termination "gshwbedhkhd won by resignation"]

1. f4 d5 2. Nf3 Nf6 3. g3 g6 4.
Bg2 Bg7 5. O-O c5 6. d3 Nc6 7. Qe1 d4 8. Na3 O-O 9. Bd2 Rb8 10. c3 Nd5 11. Rc1 e5 12. fxe5 Nxe5 13. Nxe5 Bxe5 14.
Nc4 Bg7 15. Qf2 b5 16. Na3 Be6 17. c4 bxc4 18. Nxc4 Ne3 19. Nxe3 dxe3 20. Bxe3 Rxb2 21. Bxc5 Rxa2 22. Rb1 a5 23. Rb7 Re8 24. Rxf7 Bxf7 25. Qxf7+ Kh8 26. Qxa2 1-0

[Event "Early-Titled-Tuesday-Blitz-January-30-2024"]
[Site "Chess.com"]
[Date "2024.01.30"]
[Round "10"]
[White "djano"]
[Black "tolia123"]
[Result "0-1"]
[WhiteElo "2631"]
[BlackElo "2205"]
[TimeControl "180+1"]
[EndTime "9:58:57 PST"]
[Termination "tolia123 won by resignation"]

1. Nc3 Nf6 2. e4 d5 3. e5 Nfd7 4. e6 fxe6 5. f4 Nf6 6. Nf3 c5 7.
Ne5 Nc6 8. Bb5 Bd7 9. Bxc6 Bxc6 10. O-O Qc7 11. Qe2 O-O-O 12. Nb5 Bxb5 13. Qxb5 Rg8 14. d3 g6 15. a4 Bg7 16. a5 a6 17. Qa4 Nd7 18.
Nf7 Rdf8 19. Ng5 Qd6 20. Nxh7 Rf5 21. c3 Rh8 22. Ng5 Rxg5 23. fxg5 Qxh2+ 24. Kf2 Rf8+ 25. Ke1 Qg3+ 26. Kd1 Rxf1+ 27. Kc2 Rf2+ 28. Kb3 Qxd3 29. Qh4 c4+ 30. Ka3 Bxc3 31. Ka2 Bxb2 32. Qxf2 Qb3+ 33. Kb1 Bd4+ 34. Qb2 Bxb2 0-1

[Event "Early-Titled-Tuesday-Blitz-January-30-2024"]
[Site "Chess.com"]
[Date "2024.01.30"]
[Round "10"]
[White "SabinaFoisor"]
[Black "yuriydovzik"]
[Result "1-0"]
[WhiteElo "2383"]
[BlackElo "2213"]
[TimeControl "180+1"]
[EndTime "9:58:57 PST"]
[Termination "SabinaFoisor won by resignation"]

1. d4 a6 2. c4 e6 3. e3 d5 4. Nf3 Nf6 5. Nc3 Be7 6. cxd5 exd5 7. Bd3 O-O 8. O-O c5 9. dxc5 Nbd7 10. b4 a5 11. b5 Nxc5 12. Bb2 a4 13. Rc1 a3 14. Ba1 b6 15. Bb1 Bg4 16. h3 Bh5 17. Qd4 Bxf3 18. gxf3 Qd7 19. Kh2 Qe6 20. Ne2 Bd6+ 21. f4 Rad8 22. Rg1 g6 23. Qxf6 Qxf6 24. Bxf6 Rd7 25. Nd4 Re8 26. h4 Ne4 27. Bxe4 Rxe4 28. Rc8+ Bf8 29.
h5 h6 30. Be5 Rxe5 31. fxe5 Kg7 32. hxg6 Bc5 33. gxf7+ 1-0

[Event "Early-Titled-Tuesday-Blitz-January-30-2024"]
[Site "Chess.com"]
[Date "2024.01.30"]
[Round "10"]
[White "Darius321"]
[Black "dianamirza"]
[Result "1-0"]
[WhiteElo "2370"]
[BlackElo "1986"]
[TimeControl "180+1"]
[EndTime "9:58:58 PST"]
[Termination "Darius321 won by checkmate"]

1. e4 c5 2. d4 cxd4 3. c3 dxc3 4. Bc4 cxb2 5. Bxb2 e6 6. Nf3 Nf6 7. e5 Ng8 8. O-O Nc6 9. Nc3 Bc5 10. Ne4 Be7 11. Re1 Nh6 12. Nd6+ Kf8 13. h4 Nf5 14. Nxf5 exf5 15. h5 b5 16. Bb3 Bb7 17. h6 gxh6 18. e6 f6 19. Qd2 Bb4 20. Qxh6+ Ke8 21. Qh5+ Kf8 22. Qf7# 1-0

[Event "Early-Titled-Tuesday-Blitz-January-30-2024"]
[Site "Chess.com"]
[Date "2024.01.30"]
[Round "10"]
[White "GHANDEEVAM2003"]
[Black "chipmunknau"]
[Result "1-0"]
[WhiteElo "3045"]
[BlackElo "2752"]
[TimeControl "180+1"]
[EndTime "9:58:59 PST"]
[Termination "GHANDEEVAM2003 won by resignation"]

1. b3 e5 2. Bb2 Nc6 3. e3 a6 4. Nf3 d6 5. d4 e4 6. Nfd2 f5 7. c4 Nf6 8. Nc3 g6 9. h4 h6 10. h5 g5 11. f3 Bg7 12. fxe4 O-O 13. Bd3 Nb4 14. Bb1 fxe4 15. Ndxe4 Ng4 16. Qe2 d5 17. cxd5 Nxd5 18. Nxd5 Qxd5 19. Bd3 Qa5+ 20. Bc3 Qa3 21. Kd2 Bf5 22. Rhf1 Bxe4 23. Bxe4 Nf6 24. Bxb7 Rab8 25. Qxa6 Qe7 26. Qc4+ Rf7 27. Bd5 Nxd5 28. Qxd5 Rf8 29. Rxf7 Rxf7 30. Rf1 Bf6 31. e4 g4 32. e5 Bg5+ 33. Kd3 1-0